 Dungeon Crawl Stone Soup version 0.30.0-29-ga12c61a403 (webtiles) character file.

Game seed: 9634926034138075513

39 Goreval the Cudgeller (level 3, -2/33 HPs)
             Began as an Armataur Berserker on June 23, 2023.
             Was a Follower of Trog.
             Slain by a hobgoblin (3 damage)
             ... on level 2 of the Dungeon.
             The game lasted 00:04:02 (893 turns).

Goreval the Cudgeller (Armataur Berserker)           Turns: 893, Time: 00:04:03

Health: -2/33      AC:  4    Str: 24    XL:     3   Next: 26%
Magic:  3/3        EV:  9    Int:  7    God:    Trog [*.....]
Gold:   56         SH:  0    Dex:  9    Spells: 2/2 levels left

rFire   . . .        a - +0 mace
rCold   . . .        (no shield)
rNeg    . . .        b - +0 animal skin
rPois   .            (no helmet)
rElec   .            (no cloak)
rCorr   .            (no gloves)
SInv    .            (no barding)
Will    .....        (no amulet)
Stlth   +            (no ring)
HPRegen 0.25/turn    (no ring)
MPRegen 0.08/turn

%: roll
@: no status effects
A: large, rugged brown scales 3, deformed body, armoured tail, roll, long
tongue, awkward tongue
a: Renounce Religion, Berserk


You were on level 2 of the Dungeon.
You worshipped Trog.
Trog was aware of your devotion.
You visited 1 branch of the dungeon, and saw 2 of its levels.

You collected 112 gold pieces.
You spent 56 gold pieces at shops.

Inventory:

Hand Weapons
 a - a +0 mace (weapon)
Armour
 b - a +0 animal skin (worn)
Scrolls
 c - 3 scrolls of noise {unknown}
 d - 2 scrolls of identify {unknown}
 e - a scroll of fear {unknown}
Potions
 f - a potion of flight {unknown}
 g - 3 potions of curing
 h - a potion of haste {unknown}


   Skills:
 + Level 3.2 Fighting
 + Level 3.3 Maces & Flails
 + Level 2.7 Armour
 + Level 1.5 Dodging


You had 2 spell levels left.
You didn't know any spells.
Your spell library was empty.

Dungeon Overview and Level Annotations

Branches:
Dungeon (2/15)

Altars:
Fedhas

Shops:
D:1 !

Annotations:
D:2 1 runed translucent door, Crazy Yiuf


Innate Abilities, Weirdness & Mutations

You are completely covered in rugged brown scales. (AC +3, +7% HP)
Armour fits poorly on your strangely shaped body.
You have a long armoured tail.
You roll when moving toward enemies. (Rampage)
Your long tongue fully drains potion bottles. (2x potion effects)
Your tongue gives you trouble enunciating. (1.5x scroll delay)


Message History

You are too injured to fight recklessly!
You are too injured to fight recklessly!
You are too injured to fight recklessly!
You are too injured to fight recklessly!
You are too injured to fight recklessly!
You are too injured to fight recklessly!
You are too injured to fight recklessly!
You are too injured to fight recklessly!
You are too injured to fight recklessly!
You are too injured to fight recklessly!
You are too injured to fight recklessly!
You are too injured to fight recklessly!
You are too injured to fight recklessly!
You are too injured to fight recklessly!
You are too injured to fight recklessly!
You are too injured to fight recklessly!
You are too injured to fight recklessly!
You are too injured to fight recklessly!
You are too injured to fight recklessly!
You are too injured to fight recklessly!
You are too injured to fight recklessly!
You are too injured to fight recklessly!
You are too injured to fight recklessly!
You are too injured to fight recklessly!
You are too injured to fight recklessly!
You are too injured to fight recklessly!
Unknown command.
You thump the hobgoblin!
You kill the hobgoblin!
Trog accepts your kill.
The hobgoblin hits you from afar with a +0 spear!
* * * LOW HITPOINT WARNING * * *
The hobgoblin hits you.
* * * LOW HITPOINT WARNING * * *
The hobgoblin barely misses you.
The hobgoblin hits you from afar with a +0 spear!
* * * LOW HITPOINT WARNING * * *
Okay, then.
The hobgoblin attacks as you move away! The hobgoblin hits you.
You die...

#.....# #.....#
####.....# .....
+......... .:...
####.....# ...
##.##.# ... ####.#
##g## #... #g..#
#... #(@.# #...
###)##### #.##
#.......#########.#
#.#.......))......#
#.#.......######..#
# #...>...#### #..#
#..........###..#
.........##......#
###.####.........##


You could see 2 hobgoblins.

Vanquished Creatures
  A dart slug (D:1)
  A ball python (D:1)
  A bat (D:1)
  2 endoplasms
  3 giant cockroaches (D:1)
  7 goblins
  7 hobgoblins (D:2)
  3 kobolds
  A frilled lizard (D:1)
  3 rats
29 creatures vanquished.

Notes
Turn   | Place    | Note
-------+----------+-------------------------------------------
     0 | D:1      | Goreval the Armataur Berserker began the quest for the Orb.
     0 | D:1      | Reached XP level 1. HP: 19/19 MP: 1/1
   193 | D:1      | Reached XP level 2. HP: 26/26 MP: 2/2
   469 | D:1      | Found Gechuhosazo's Distillery.
   479 | D:1      | Bought a potion of curing for 42 gold pieces
   479 | D:1      | Bought a potion of degeneration for 14 gold pieces
   746 | D:2      | Found a runed translucent door.
   747 | D:2      | Noticed Crazy Yiuf
   771 | D:2      | Found a blossoming altar of Fedhas.
   839 | D:2      | Reached XP level 3. HP: 33/33 MP: 3/3
   892 | D:2      | HP: 1/33 [hobgoblin/+0 spear (7)]
   893 | D:2      | Slain by a hobgoblin

Illustrated notes

Levels and vault maps discovered:
D:1:      amcnicky_arrival_flooded_fountain, layout_basic, serial_shops,
          nicolae_shop_tiny_statue_garden, hangedman_decor_clover_reticule,
          roderic_lattice_a
D:2:      layout_loops_corners, basic_altar, minmay_goblin_kobold_house,
          uniq_crazy_yiuf_cottage

Skill      XL: |  1  2 |
---------------+-------+-----
Fighting       | 3 |  3.2
Maces & Flails | 3 |  3.3
Armour         | |  2.7
Dodging        | |  1.5

Action                     || total
---------------------------++-------
  Melee: Mace              ||    72
         Tailslap          ||     6
 Armour: Animal skin       ||    20
  Dodge: Dodged            ||    34
